 Dungeon Crawl Stone Soup version 0.17.2-1-ge4368a0 (webtiles) character file.

23 ololoev the Chopper (level 2, -4/25 HPs)
             Began as a Hill Orc Gladiator on July 22, 2016.
             Slain by Jessica
             ... wielding a +0 dagger
              (5 damage)
             ... on level 2 of the Dungeon.
             The game lasted 00:02:17 (337 turns).

ololoev the Chopper (Hill Orc Gladiator)             Turns: 337, Time: 00:02:17

Health: -4/25      AC:  4    Str: 17    XL:     2   Next: 95%
Magic:  2/2        EV: 12    Int: 10    God:
Gold:   26         SH:  0    Dex: 11    Spells: 0 memorised, 1 level left

rFire  . . .     SeeInvis .     a - +0 war axe
rCold  . . .     Clarity  .     b - +0 leather armour
rNeg   . . .     SustAt   .     (no shield)
rPois  .         Gourm    .     c - +0 helmet
rElec  .         Spirit   .     (no cloak)
rCorr  .         Warding  .     (no gloves)
rMut   .         Stasis   .     (no boots)
MR     .....                    (no amulet)
Stlth  +.........               (no ring)
                                m - +2 ring of intelligence

@: very slightly contaminated, invisible, not resistant to hostile enchantments,
very unstealthy
A: no striking features
a: no special abilities

Inventory:

Hand Weapons
 a - a +0 war axe (weapon)
Missiles
 d - 3 throwing nets (quivered)
Armour
 b - a +0 leather armour (worn)
 c - a +0 helmet (worn)
Jewellery
 m - a +2 ring of intelligence (left hand)
Scrolls
 g - 2 scrolls of enchant weapon {unknown}
 h - a scroll of identify {unknown}
 i - a scroll of random uselessness {unknown}
 l - a scroll of immolation {unknown}
Potions
 f - a potion of invisibility
 k - a potion of experience {unknown}
Comestibles
 e - a bread ration
 j - 2 meat rations


   Skills:
 + Level 2.7 Fighting
 * Level 4.6 Axes
 - Level 1.7 Throwing
 + Level 1.6 Armour
 - Level 2.4 Dodging


You had one spell level left.
You didn't know any spells.


You were on level 2 of the Dungeon.
You were not hungry.

You visited 1 branch of the dungeon, and saw 2 of its levels.

You collected 26 gold pieces.

##...###...........
#$....##.......#.).
#....##......>....
#.(.##...........
#(..(...........
##(#..†...w.....
..#######....((<.......
#............).........
######..(.....@@........
#...................#..#
..####.####.......#..#.#
##..###.......##.#
#....##........ ...
#............... ###
#....######...#.#
..####....# #......
.......†..####.

Notes
Turn   | Place    | Note
--------------------------------------------------------------
     0 | D:1      | ololoev the Hill Orc Gladiator began the quest for the Orb.
     0 | D:1      | Reached XP level 1. HP: 18/18 MP: 1/1
   150 | D:1      | Reached XP level 2. HP: 19/25 MP: 2/2
   272 | D:2      | Reached skill level 1 in Armour
   321 | D:2      | Noticed Jessica
   335 | D:2      | HP: 1/25 [Jessica/nerve-wracking pain (11)]
   337 | D:2      | Slain by Jessica

Dungeon Overview and Level Annotations

Branches:
Dungeon (2/15)

Altars:

Annotations:
D:2 Jessica


Message History

Jessica grins evilly.
Jessica hits you with a dagger. Jessica barely misses you.
Unknown command.
Unknown command.
You catch the helpless Jessica completely off-guard!
You hit Jessica.
Jessica is moderately wounded.
Unknown command.
Unknown command.
The jackal closely misses you.
The goblin wields an uncursed hunting sling.
The goblin shoots a stone.
The stone hits the jackal!
The jackal dies!
Found a dagger.
Unknown command.
Unknown command.
Things that are here:
a stone; a jackal corpse Unknown command.
Unknown command.
Jessica completely misses you. Jessica barely misses you.
Unknown command.
You hit Jessica.
Jessica is heavily wounded.
You slash the goblin!
You kill the goblin!
You closely miss the worm.
Jessica drinks a potion.
Jessica is healed!
Jessica gestures at you while chanting. Pain shoots through your body!
Unknown command.
You closely miss Jessica. Jessica barely misses you.
Jessica hits you but does no damage.
Unknown command.
Unknown command.
You strike the helpless Jessica from behind!
You slash Jessica!
Jessica is severely wounded.
Jessica shouts, "You're disturbing me!
I'll have to kill you!" Jessica hits you with a dagger.
You die...

You could see a worm (wandering) and Jessica.

Vanquished Creatures
  An ooze (D:1)
  A bat (D:1)
  3 giant cockroaches (D:2)
  A jackal (D:2)
  2 kobolds (D:1)
  3 giant newts
  2 goblins
  5 rats
18 creatures vanquished.

Vanquished Creatures (others)
  2 jackals (D:2)
2 creatures vanquished.

Grand Total: 20 creatures vanquished

Action                   || total
-------------------------++-------
Melee: War axe           ||    36
  Use: Potion            ||     1
 Stab: Invisible         ||     4

Vault maps used:
D:1:      dpeg_arrival_windows_large_door, hex_medium, minmay_fountain_box
D:2:      lemuel_zombie_altar_yredelemnul, first_bread, uniq_jessica
